 Dungeon Crawl Stone Soup version 0.27-a0-633-gc6addc0a40 (webtiles) character file.

Game seed: 8206460180845220854

2051 jestyr24 the Digger (level 9, -2/49 HPs)
             Began as a Gargoyle Earth Elementalist on Mar 13, 2021.
             Slain by a sixfirhy (3 damage)
             ... summoned by a kobold demonologist
             ... in a bailey on Mar 14, 2021.
             The game lasted 00:48:41 (9336 turns).

jestyr24 the Digger (Gargoyle Earth Elementalist)   Turns: 9336, Time: 00:48:41

Health: -2/49      AC: 23    Str: 11      XL:     9   Next: 25%
Magic:  16/16      EV:  3    Int: 20      God:
Gold:   311        SH:  4    Dex:  9 (10) Spells: 5/18 levels left

rFire    . . .     SeeInvis .   G - +2 flail (vorpal)
rCold    . . .     Faith    .   F - +0 buckler
rNeg     + . .     Spirit   .   z - +4 plate armour
rPois    ∞         Reflect  .   (no helmet)
rElec    +         Harm     .   (no cloak)
rCorr    .         Rampage  .   (no gloves)
Will     .....                  (no boots)
Stlth    ..........             (no amulet)
HPRegen  0.16/turn              (no ring)
MPRegen  0.15/turn              (no ring)

@: no status effects
A: AC +6, negative energy resistance 1, electricity resistance, torment
resistance 1, unbreathing 1, petrification resistance
a: no special abilities


You were in a bailey.
You visited 1 branch of the dungeon, and saw 7 of its levels.
You also visited: Ossuary and Bailey.

You collected 311 gold pieces.

Inventory:

Hand Weapons
 A - a +2 short sword of freezing
 B - a +2 whip of pain
 G - a +2 vorpal flail (weapon)
Missiles
 a - 71 arrows
 b - 108 stones
 d - 54 bolts
 t - 2 boomerangs (quivered)
 u - 55 poisoned darts
 H - a throwing net
Armour
 c - a +0 robe
 l - a +0 leather armour
 z - a +4 plate armour (worn)
 F - a +0 buckler (worn)
Wands
 C - a wand of flame (14)
Scrolls
 e - 3 scrolls of teleportation
 o - 4 scrolls of identify
 q - a scroll of noise
 r - a scroll of enchant weapon {unknown}
 v - a scroll of amnesia {unknown}
 x - a scroll of immolation
 y - 2 scrolls of blinking {unknown}
Potions
 g - a potion of berserk rage {unknown}
 i - 2 potions of heal wounds
 j - 4 potions of brilliance {unknown}
 k - 5 potions of curing
 m - a potion of might {unknown}
 p - a potion of resistance {unknown}
 s - a potion of mutation {unknown}
 w - 3 potions of haste
 D - a potion of cancellation {unknown}
 E - a potion of lignification {unknown}


   Skills:
 - Level 2.7 Fighting
 - Level 2.2 Short Blades
 - Level 6.1 Armour
 - Level 1.5 Dodging
 - Level 3.4 Stealth
 - Level 4.5 Shields
 + Level 5.0 Spellcasting
 + Level 2.8 Conjurations
 + Level 1.6 Transmutations
 + Level 7.4 Earth Magic


You had 5 spell levels left.
You knew the following spells:

 Your Spells              Type           Power      Damage    Failure   Level
a - Sandblast             Erth           68%        2d15      69%         1
b - Stone Arrow           Conj/Erth      50%        3d10      100%        3
c - Petrify               Tmut/Erth      23%        N/A       100%        4
d - Lee's Rapid Deconstr  Erth           17%        3d11*     100%        5

Your spell library contained the following spells:

 Spells                   Type           Power      Damage    Failure   Level
 Passwall                 Tmut/Erth      19%        N/A       99%         2
 Animate Skeleton         Necr           10%        N/A       100%        1
 Apportation              Tloc           10%        N/A       100%        1
 Corona                   Hex            5%         N/A       100%        1
 Summon Small Mammal      Summ           20%        N/A       100%        1


Dungeon Overview and Level Annotations

Branches:
Dungeon (7/15)            Ossuary (visited)          Bailey (1/1)
 Temple: D:4-7

Altars:
Gozag
Uskayaw

Shops:
D:6 *


Innate Abilities, Weirdness & Mutations

Your stone body is resilient. (AC +6)
You are immune to poison.
You resist negative energy. (rN+)
You are resistant to electric shocks. (rElec)
You are resistant to unholy torment.
You can survive without breathing.
You are immune to petrification.


Message History

The quasit claws you but does no damage. x2
The hobgoblin hits you but does no damage.
The hellwing hits you but does no damage. x2
The gnoll hits you but does no damage. The quasit completely misses you.
The quasit barely misses you.
The quasit claws you but does no damage.
The quasit bites you but does no damage.
The quasit claws you but does no damage.
You block the quasit's attack.
The quasit bites you but does no damage.
You block the quasit's attack.
The quasit claws you but does no damage.
The hellwing barely misses you. x2; The gnoll hits you but does no damage.
You barely miss the quasit.
The quasit bites you but does no damage.
The quasit claws you but does no damage. x2
The sixfirhy hits you. The sixfirhy shocks you. You resist.
The kobold demonologist hits you but does no damage.
The quasit barely misses you.
The quasit claws you but does no damage.
The quasit claws you.
The sixfirhy hits you but does no damage.
The quasit bites you but does no damage.
The quasit claws you but does no damage. x2
The hellwing hits you!
* * * LOW HITPOINT WARNING * * *
The hellwing hits you but does no damage.
The orange demon stings you but does no damage.
The kobold demonologist hits you but does no damage.
The quasit bites you but does no damage.
The quasit claws you but does no damage. x2
You miss the quasit. The sixfirhy hits you!
* * * LOW HITPOINT WARNING * * *
The sixfirhy shocks you. You resist.
* * * LOW HITPOINT WARNING * * *
The sixfirhy hits you but does no damage.
The sixfirhy hits you.
* * * LOW HITPOINT WARNING * * *
The sixfirhy shocks you. You resist.
You die...

≈≈≈≈≈≈...≈≈≈≈≈≈≈
≈≈≈≈≈≈...≈≈≈≈≈≈≈
≈≈≈.........≈≈≈≈
####.......#####
#.......#
#...g)..#
#.4.g5..#
#..5K3g.#
###4@5### #.?.#
#####


You could see an orange demon (summoned), a hellwing (summoned, inner flame), a
kobold demonologist (inner flame), a sixfirhy (summoned), an iron imp (summoned,
inner flame), 2 quasits, a gnoll (inner flame), a hobgoblin (inner flame) and a
goblin (inner flame).

Vanquished Creatures
  Prince Ribbit (D:6)
  Menkaure (Ossuary)
  Edmund (D:6)
  Duvessa (D:5)
  A black bear (D:6)
  An ice beast (D:5)
  A sky beast (D:5)
  A necrophage (D:6)
  Blork the orc (D:4)
  Dowan (D:6)
  A water moccasin skeleton (D:5)
  A howler monkey (D:5)
  A vampire bat (D:6)
  A centaur zombie (D:7)
  4 orc priests
  A hound (D:5)
  2 jellies (D:6)
  3 iguanas
  3 worker ants (D:4)
  A killer bee zombie (D:6)
  4 mummies
  18 gnolls
  7 adders
  3 white imps
  2 ufetubi
  3 oozes
  An adder skeleton (D:6)
  2 worms
  4 dart slugs
  4 leopard geckos
  12 orcs
  7 giant cockroaches
  4 gnoll zombies (Ossuary)
  10 goblins
  9 hobgoblins
  11 jackals
  6 quokkas
  A ball python (D:6)
  9 bats
  7 frilled lizards
  3 gnoll skeletons (Ossuary)
  6 goblin skeletons (Ossuary)
  2 goblin zombies (Ossuary)
  3 hobgoblin skeletons (Ossuary)
  6 hobgoblin zombies
  5 kobolds
  6 kobold skeletons (Ossuary)
  8 kobold zombies
  2 orc skeletons (Ossuary)
  An orc zombie (Ossuary)
  2 quokka zombies (D:6)
  3 rats
  4 rat skeletons (Ossuary)
  5 rat zombies (Ossuary)
208 creatures vanquished.

Vanquished Creatures (others)
  A goblin skeleton (Ossuary)
  A kobold zombie (Ossuary)
  2 plants (D:6)
4 creatures vanquished.

Grand Total: 212 creatures vanquished

Notes
Turn   | Place    | Note
-------+----------+-------------------------------------------
     0 | D:1      | jestyr24 the Gargoyle Earth Elementalist began the quest
                  | for the Orb.
     0 | D:1      | Reached XP level 1. HP: 10/10 MP: 3/3
   254 | D:1      | Reached skill level 4 in Earth Magic
   254 | D:1      | Reached XP level 2. HP: 15/15 MP: 3/5
   469 | D:1      | Reached XP level 3. HP: 19/19 MP: 6/6
  1151 | D:2      | Found an opulent altar of Gozag.
  1302 | D:2      | Reached XP level 4. HP: 20/24 MP: 5/7
  1467 | D:2      | Reached skill level 5 in Earth Magic
  2757 | D:3      | Reached skill level 1 in Armour
  2759 | D:3      | Reached XP level 5. HP: 28/28 MP: 4/9
  2820 | D:3      | Reached skill level 1 in Fighting
  3872 | D:4      | Reached skill level 6 in Earth Magic
  3872 | D:4      | Reached XP level 6. HP: 34/34 MP: 5/10
  3962 | D:4      | Noticed Blork the orc
  3994 | D:3      | Learned a level 3 spell: Stone Arrow
  4666 | D:4      | Reached skill level 1 in Conjurations
  5016 | D:4      | Reached XP level 7. HP: 24/38 MP: 3/12
  5218 | D:4      | Killed Blork the orc
  5739 | D:4      | Learned a level 4 spell: Petrify
  5740 | D:5      | Entered Level 5 of the Dungeon
  6147 | D:5      | Reached skill level 1 in Transmutations
  6156 | D:5      | Reached skill level 7 in Earth Magic
  6160 | D:5      | Found a sand-covered staircase.
  6297 | Ossuary  | Entered an ossuary
  6693 | Ossuary  | Reached skill level 1 in Short Blades
  6698 | Ossuary  | Noticed Menkaure
  6707 | Ossuary  | Reached XP level 8. HP: 23/44 MP: 8/15
  6708 | Ossuary  | Killed Menkaure
  7508 | D:6      | Noticed Prince Ribbit
  7525 | D:6      | Reached skill level 1 in Shields
  7603 | D:6      | Found a hide-covered altar of Uskayaw.
  7611 | D:6      | Killed Prince Ribbit
  7767 | D:6      | Noticed Edmund
  7780 | D:6      | Killed Edmund
  8036 | D:6      | Found Kolich's Assorted Antiques.
  8113 | D:6      | Reached XP level 9. HP: 49/49 MP: 12/16
  8287 | D:6      | Noticed Dowan
  8289 | D:6      | Noticed Duvessa
  8291 | D:6      | Killed Dowan
  8326 | D:5      | Killed Duvessa
  8327 | D:5      | Reached skill level 5 in Armour
  9045 | D:6      | Learned a level 5 spell: Lee's Rapid Deconstruction
  9115 | D:7      | Found a flagged portal.
  9137 | Bailey   | Entered a bailey
  9295 | Bailey   | Found an iron altar of Okawaru.
  9295 | Bailey   | Noticed an orc high priest
  9295 | Bailey   | Noticed a kobold demonologist
  9320 | Bailey   | Reached skill level 5 in Spellcasting
  9320 | Bailey   | Noticed an ice devil
  9327 | Bailey   | Noticed a hellwing
  9333 | Bailey   | Noticed a sixfirhy
  9334 | Bailey   | Noticed an orange demon
  9336 | Bailey   | HP: 2/49 [sixfirhy[a kobold demonologist] (3)]
  9336 | Bailey   | Slain by a sixfirhy

Illustrated notes

Levels and vault maps discovered:
D:1:      minmay_arrival_checkered_box, layout_basic, minmay_misc_feat_hallway
D:2:      minmay_evil_eye, layout_loops_corners, nicolae_overflow_crystal_walls
D:3:      layout_loops_ring
D:4:      layout_basic, uniq_blork_the_orc
D:5:      layout_rooms, nicolae_ossuary_entry_giza
D:6:      layout_loops_ring, serial_shops, nicolae_shop_overgrown_old_shop,
          basic_altar, roderic_batcave, uniq_duvessa, uniq_prince_ribbit1,
          uniq_edmund
D:7:      layout_rooms, minmay_temple_entry_mini_moons, serial_shops, shop,
          enter_bailey_2, uniq_pikel
Bailey:   bailey_axe_of_yendor_kennysheep, bailey

Skill      XL: |  1  2  3  4  5  6  7  8  9 |
---------------+----------------------------+-----
Earth Magic    | 4 5 6 7 |  7.4
Armour         | 1 2 4 6 |  6.1
Stealth        | 3 |  3.4
Spellcasting   | 3 4 5 |  5.0
Fighting       | 1 2 |  2.7
Conjurations   | 1 2 |  2.8
Transmutations | 1 |  1.6
Short Blades   | 1 2 |  2.2
Shields        | 4 |  4.5
Dodging        | |  1.5

Action                   |  1- 3 |  4- 6 |  7- 9 || total
-------------------------+-------+-------+-------++-------
Melee: Unarmed           |     7 |       |       ||     7
       Spear             |    40 |   181 |       ||   221
       Club              |     2 |       |       ||     2
       Short sword       |       |    20 |   259 ||   279
       Flail             |       |       |    66 ||    66
Throw: Boomerang         |       |    30 |       ||    30
 Cast: Sandblast         |    27 |    60 |    21 ||   108
       Stone Arrow       |       |       |    47 ||    47
       Petrify           |       |       |     1 ||     1
  Use: Scroll            |       |       |     6 ||     6
       Potion            |       |       |     5 ||     5
 Stab: Sleeping          |     1 |     4 |     4 ||     9
       Petrified         |       |       |     5 ||     5
Armor: Robe              |    23 |    81 |   121 ||   225
       Plate armour      |       |       |   109 ||   109
Dodge: Dodged            |    37 |   117 |   200 ||   354
Block: Buckler           |       |       |    43 ||    43

Table legend: (Time is in decaauts)
 A = Elapsed time spent in this place.
 B = Non-inter-level travel time spent in this place.
 C = Inter-level travel time spent in this place.
 D = Time resting spent in this place.
 E = Time spent auto-exploring this place.
 F = Levels seen in this place.
 G = Mean time per level.
                   A        B        C        D        E       F      G
               +--------+--------+--------+--------+--------+-----+--------+
         Total |   9390 |   9281 |    109 |   2901 |   4048 |   9 | 1043.3 |
       Dungeon |   8538 |   8429 |    109 |   2529 |   4048 |   7 | 1219.7 |
       Ossuary |    664 |    664 |      0 |    265 |      0 |   1 |  664.0 |
        Bailey |    187 |    187 |      0 |    107 |      0 |   1 |  187.0 |
               +--------+--------+--------+--------+--------+-----+--------+

Top non-repeatable levels by time:
     D:4: 1984 daAuts
     D:2: 1610 daAuts
     D:6: 1578 daAuts
     D:3: 1167 daAuts
     D:1: 1099 daAuts
     D:5: 1024 daAuts
 Ossuary: 664 daAuts
  Bailey: 187 daAuts
     D:7: 73 daAuts
